cohdb
Replays
Latest Replays
All Replays
Popular Replays
Top Player Replays
Match Explorer
How It Works
Community
CoH3 Stats
Reddit
Sign in to upload your games and track your stats! →
Sign in with Steam
Match 42911630
Unlisted
Match 42911630
Overview
Messages
Build Orders
End
Kettenkrad Recon Vehicle
Construct Infanterie Kompanie
Grenadier Squad
MG 42 Machine Gun Team
Grenadier Squad
Construct Luftwaffe Kompanie
Medical Station
Jäger Squad
Luftwaffe Officer Quarters
Jäger Squad
Flak 30 Anti-aircraft Gun Team
Construct Panzer Kompanie
Selects Breakthrough Battlegroup
Selects Rapid Production
Selects Assault Grenadiers
Selects Smoke Bombing Run
Stoßtruppen Squad
Panzer IV Medium Tank
Panzer Officer Quarters
Kettenkrad Recon Vehicle
Selects Blitzkrieg
Selects Tiger Heavy Tank
Tiger Heavy Tank
Selects Incendiary Bombing Run
Selects Incendiary Bombing Run
Kettenkrad Recon Vehicle
Panzer IV Medium Tank
Incendiary Bombing Run
Jäger Squad
Smoke Bombing Run
Tiger Heavy Tank
Jäger Squad
Jäger Squad
Incendiary Bombing Run
Pioneer Squad
Jäger Squad
Blitzkrieg
Incendiary Bombing Run
simranjitsingh713
sebeck
0
0
Comments
sign in to comment!
No comments posted yet!